 Dungeon Crawl Stone Soup version 0.31-a0-435-g2c6fae2916 (webtiles) character file.

Game seed: 17995853128600705518

129409 RepHenryClay the Spry (level 17, -5/121 HPs)
             Began as a Djinni Fire Elementalist on Aug 1, 2023.
             Was the Champion of Makhleb.
             Slain by a ghost moth (14 damage)
             ... on level 1 of the Spider Nest.
             The game lasted 01:20:45 (30035 turns).

RepHenryClay the Spry (Djinni Fire Elementalist)   Turns: 30035, Time: 01:20:46

Health: -5/121     AC:  5    Str:  8 (9)  XL:     17   Next: 61%
Gold:   1788       EV: 28    Int: 26 (27) God:    Makhleb [******] SH: 15 Dex: 17 (20)

rFire   + + +        v - staff of conjuration
rCold   + + +        K - +3 buckler of Focus {Str+2}
rNeg    . . .        Z - +2 robe {rC+ rF+}
rPois   ∞            (no helmet)
rElec   .            B - scarf {repulsion}
rCorr   +            O - +0 pair of gloves
SInv    .            (boots unavailable)
Will    ++...        P - amulet of Ykho {Reflect rC+ Dex+5 Slay-3 SH+5}
Stlth   ++           L - ring of Ixkorer {rC++ rCorr Int+3}
HPRegen 0.40/turn    R - ring of Qaupp {Contam rPois rF+ Will+ EV+5}
MPRegen 0.00/turn

%: repel missiles, reflection, infuse magic (-6 HP)
@: flying, studying Ranged Weapons
A: sickness immunity, fire resistance 2, cold vulnerability 1, float, innate
caster, HP casting, extra vitality 1, screaming 1
a: Renounce Religion, Minor Destruction, Lesser Servant of Makhleb, Major
Destruction, Greater Servant of Makhleb


You were on level 1 of the Spider Nest.
You worshipped Makhleb.
Makhleb was exalted by your worship.
You visited 5 branches of the dungeon, and saw 24 of its levels.
You visited 1 bazaar.
You also visited: Sewer and Gauntlet.

You collected 2660 gold pieces.
You spent 872 gold pieces at shops.

Inventory:

Armour
 B - a scarf of repulsion (worn)
 K - the +3 buckler of Focus (worn) {Str+2}
   (You acquired it on level 7 of the Dungeon)

   Str:       It affects your strength (+2).
 O - a +0 pair of gloves (worn)
 X - a +1 robe of willpower
 Z - a +2 robe of resistance (worn)
Magical Staves
 e - a staff of death
 u - a staff of fire
 v - a staff of conjuration (weapon)
 M - the staff of Fury {rPois rF++ rN+ Dex-2 Summ Poison}
   (You acquired it on level 7 of the Dungeon)

   [staff of poison]

   Base accuracy: +5 Base damage: 5 Base attack delay: 1.2 This weapon's minimum
   attack delay (0.6) is reached at skill level 12.
   Dex:       It affects your dexterity (-2).
   rF:        It greatly protects you from fire.
   rPois:     It protects you from poison.
   rN:        It protects you from negative energy.
   Summ:      It increases the power of your Summonings spells.
   Poison:    It increases the power of your Poison spells.
   It falls into the 'Staves' category.
   It is a one-handed weapon.
 S - a staff of cold
Jewellery
 a - the ring "Kixorghof" {MP+9 Int+2}
   (You found it in a Gauntlet)

   [ring of magical power]

   Int:       It affects your intelligence (+2).
   MP:        It affects your magic capacity (+9).
 c - the ring of the Sky {rElec rPois rF- rCorr Dex+2}
   (You acquired it on level 5 of the Dungeon)

   [ring of resist corrosion]

   Dex:       It affects your dexterity (+2).
   rF:        It makes you vulnerable to fire.
   rElec:     It insulates you from electricity.
   rPois:     It protects you from poison.
   rCorr:     It protects you from acid and corrosion.
 d - a ring of willpower
 k - a ring of protection from cold
 m - a +6 ring of intelligence
 q - a ring of wizardry
 x - a +6 ring of dexterity
 L - the ring of Ixkorer (left hand) {rC++ rCorr Int+3}
   (You acquired it on level 7 of the Dungeon)

   [ring of resist corrosion]

   Int:       It affects your intelligence (+3).
   rC:        It greatly protects you from cold.
   rCorr:     It protects you from acid and corrosion.
 P - the amulet of Ykho (around neck) {Reflect rC+ Dex+5 Slay-3 SH+5}
   (You acquired it on level 11 of the Dungeon)

   [amulet of reflection]

   It reflects blocked missile attacks.
   Dex:       It affects your dexterity (+5).
   Slay:      It affects your accuracy & damage with ranged weapons and melee
   (-3).
   rC:        It protects you from cold.
   SH:        It affects your SH (+5).
 Q - the amulet "Bach" {Acrobat rN+ Int+2}
   (You found it in a Gauntlet)

   [amulet of the acrobat]

   It increases your evasion while moving and waiting.
   Int:       It affects your intelligence (+2).
   rN:        It protects you from negative energy.
 R - the ring of Qaupp (right hand) {Contam rPois rF+ Will+ EV+5}
   (You took it off a minotaur in a Gauntlet)

   [ring of evasion]

   EV:        It affects your evasion (+5).
   rF:        It protects you from fire.
   rPois:     It protects you from poison.
   Contam:    It causes magical contamination when unequipped.
   Will:      It increases your willpower.
 T - a ring of positive energy
 U - a ring of ice
Wands
 G - a wand of iceblast (26)
 J - a wand of acid (8)
 V - a wand of mindburst (2)
 W - a wand of paralysis (13)
Scrolls
 h - 2 scrolls of immolation
 i - 2 scrolls of silence
 j - 7 scrolls of fear
 l - 6 scrolls of blinking
 n - 4 scrolls of amnesia
 p - 6 scrolls of enchant armour
 s - a scroll of poison {unknown}
 t - 3 scrolls of vulnerability
 y - 11 scrolls of teleportation
 z - 4 scrolls of fog
 F - 2 scrolls of enchant weapon
 N - a scroll of brand weapon {unknown}
 Y - 7 scrolls of identify {@r1}
Potions
 b - 7 potions of haste
 f - 13 potions of curing
 g - 2 potions of might
 o - a potion of invisibility
 r - 2 potions of cancellation
 w - a potion of mutation
 A - 9 potions of heal wounds
 C - 2 potions of brilliance
 D - 6 potions of ambrosia
 E - 3 potions of enlightenment


   Skills:
 + Level 11.5 Fighting
 * Level 18.2 Dodging
 - Level 1.5 Stealth
 - Level 12.0 Shields
 * Level 13.9 Spellcasting
 * Level 13.9 Conjurations
 * Level 13.9 Hexes
 * Level 13.9 Summonings
 * Level 13.9 Necromancy
 * Level 13.9 Translocations
 * Level 13.9 Transmutations
 * Level 13.9 Fire Magic
 * Level 13.9 Ice Magic
 * Level 13.9 Air Magic
 * Level 13.9 Earth Magic
 * Level 13.9 Poison Magic
 - Level 8.0 Evocations


You knew the following spells:

 Your Spells              Type           Power      Damage    Failure   Level
a - Stone Arrow           Conj/Erth      100%       3d13      1%          3
b - Scorch                Fire           100%       2d9       1%          2
c - Iskenderun's Battles  Conj           94%        2d14      1%          5
d - Inner Flame           Hex/Fire       74%        N/A       1%          3
e - Flame Wave            Conj/Fire      94%        2d20      1%          4
f - Summon Small Mammal   Summ           100%       N/A       0%          1
g - Static Discharge      Conj/Air       100%       2-7/arc   1%          2
h - Blink                 Tloc           100%       N/A       1%          2
i - Foxfire               Conj/Fire      100%       2x1d9     0%          1
j - Volatile Blastmotes   Fire/Tloc      100%       2d18      1%          3
k - Agony                 Necr           74%        N/A       1%          5
l - Death Channel         Necr           37%        N/A       1%          6
m - Summon Cactus Giant   Summ           37%        N/A       1%          6
Your spell library was empty.

Dungeon Overview and Level Annotations

Branches:
Dungeon (15/15)            Temple (1/1) D:4            Lair (5/5) D:9
  Swamp (0/4) Lair:2       Spider (1/4) Lair:2        Slime (0/5) Lair:5
    Orc (2/2) D:10            Elf (0/3) Orc:2        Vaults (0/5) D:14
 Depths (0/4) D:15          Sewer (visited)         Gauntlet (visited)

Altars:
Ashenzari
Cheibriados
Dithmenos
Elyvilon
Fedhas
Gozag
Hepliaklqana
Makhleb
Nemelex Xobeh
Okawaru
Qazlal
Ru
Trog
Uskayaw
Wu Jian
Xom
Yredelemnul
Zin
The Shining One

Shops:
D:3 :   D:11 *   Orc:2 (=*[

Portals:
Hell: Lair:5

Annotations:
D:15 1 runed translucent door, Xiynir's ghost, adept VSSh
Lair:1 2 transporters, Shayle's ghost, novice GnSh
Spider:1 2 runed translucent doors


Innate Abilities, Weirdness & Mutations

You are immune to sickness and miasma.
You are immune to poison.
Your flesh is very heat resistant. (rF++)
You are vulnerable to cold. (rC-)
You float through the air rather than walking.
You learn spells naturally, not from books.
Your magical power is your life essence.
You have superior vitality. (+4 MHP)
You occasionally shout uncontrollably at your foes.


Message History

You feel you are being watched by something.
Something hits you. x2
You feel clumsy.
Something stings you but does no damage.
Huge Dmg: -12%(-14hp) hp: 46%(55hp)
Casting: Stone Arrow (safe; 1% risk of failure)
Confirm with . or Enter, or press ? or * to list all spells.
Aiming: Stone Arrow (safe; 1% risk of failure)
Press: ? - help, Shift-Dir - straight line, f - you You feel a surge of power!
The stone arrow hits something.
You feel you are being watched by something.
Something barely misses you. Something hits you.
You feel clumsy. Something barely misses you.
Damage: -5%(-6hp) hp: 41%(49hp) Unknown command.
Casting: Stone Arrow (safe; 1% risk of failure)
Confirm with . or Enter, or press ? or * to list all spells.
Aiming: Stone Arrow (safe; 1% risk of failure)
Press: ? - help, Shift-Dir - straight line, f - you You feel a surge of power!
* * * LOW HITPOINT WARNING * * *
You feel you are being watched by something.
Something closely misses you. Something hits you.
* * * LOW HITPOINT WARNING * * *
You feel dopey. Something stings you!
* * * LOW HITPOINT WARNING * * *
You feel weakened.
Huge Dmg: -17%(-20hp) hp: 24%(29hp)
Casting: Stone Arrow (safe; 1% risk of failure)
Confirm with . or Enter, or press ? or * to list all spells.
Aiming: Stone Arrow (safe; 1% risk of failure)
Press: ? - help, Shift-Dir - straight line, f - you You feel a surge of power!
The stone arrow hits something!
* * * LOW HITPOINT WARNING * * *
Something hits you!
* * * LOW HITPOINT WARNING * * *
Something hits you!
You die...

###############
#.^^.^........#
#..##########.#
#^^.#########.####
##†††......##....###
##*†#.#...#####...#
#.C@.## # ###.###
##{### #.#.# #.#
##..# #.# #..# #..
##.† #. #.. .. ##.
## #.. ####


You could see a friendly cactus giant (summoned) and a friendly battlesphere.

Vanquished Creatures
  Mlioglotl (Spider:1)
  Gastronok (Lair:2)
  Agnes (Lair:2)
  An emperor scorpion (Lair:2)
  A broodmother (Spider:1)
  The ghost of Anupeecu the Cleaver, a journeyman DsMo of Makhleb (D:13)
  An orc warlord (Orc:2)
  Azrael (Lair:2)
  A minotaur (Gauntlet)
  A fire dragon (D:15)
  Snorg (D:12)
  Josephine (D:13)
  An entropy weaver (Spider:1)
  4 vault guards (D:14)
  Fannar (Lair:2)
  8 hydras
  2 catoblepae
  2 ogre magi (D:15)
  9 boulder beetles
  A death knight (D:15)
  3 two-headed ogres
  Erica (Orc:1)
  2 death yaks
  6 centaur warriors
  A deep troll earth mage (D:15)
  A demonic crawler (Spider:1)
  Urug (Lair:5)
  3 tengu warriors
  An orc high priest (Orc:2)
  Sonja (Lair:3)
  Nergalle (Orc:1)
  4 sixfirhies (D:15)
  3 sun demons
  6 skeletal warriors
  2 skysharks (Lair:5)
  A pharaoh ant (Spider:1)
  A wizard (Lair:5)
  A bog body (Lair:2)
  6 orc knights
  2 steelbarb worms (Spider:1)
  The ghost of hashsling the Skirmisher, a novice DEHs of Sif Muna (D:7)
  4 orc sorcerers
  A manticore (D:11)
  A moth of wrath (Spider:1)
  18 ugly things
  5 wolf spiders (Spider:1)
  8 cyclopes
  A guardian serpent (Lair:4)
  4 elephants (Lair:3)
  3 rust devils (D:15)
  6 black mambas
  13 cane toads
  A torpor snail (Lair:5)
  3 orange demons
  A gargoyle (D:13)
  A smoke demon (D:12)
  An unseen horror (D:11)
  2 minotaur zombies (Gauntlet)
  3 efreet
  A yaktaur (D:15)
  7 rime drakes
  16 komodo dragons
  6 red devils
  4 ice devils
  2 tengu conjurers
  4 meliai
  A hornet (shapeshifter) (D:14)
  6 trolls
  3 hornets
  3 tarantellas (Spider:1)
  2 hellwings
  A raiju (Gauntlet)
  6 blink frogs
  A dream sheep (Lair:4)
  20 slime creatures
  6 jumping spiders (Spider:1)
  2 culicivoras (Spider:1)
  2 vampires
  56 yaks
  2 spriggans (D:13)
  2 shadows
  A water elemental (D:13)
  2 ynoxinuls (D:15)
  5 wraiths
  8 wyverns
  6 basilisks
  3 chaos spawn (Gauntlet)
  4 neqoxecs
  15 redbacks
  A fire elemental (Spider:1)
  4 steam dragons
  17 vampire mosquitoes
  A warg (Orc:2)
  3 acid dragons
  10 water moccasins
  7 hell hounds
  32 orc warriors
  A sky beast (D:8)
  5 black bears
  An ice beast (D:6)
  A boggart (D:13)
  12 centaurs
  4 ogres
  9 wolves
  3 phantoms
  14 bullfrogs
  2 kobold brigands
  2 gnoll sergeants
  3 scorpions
  11 wights
  25 killer bees
  A vampire bat (D:3)
  3 electric eels (D:13)
  5 howler monkeys
  5 hounds
  16 orc priests
  A gnoll bouda (D:5)
  5 jellies (Lair:5)
  2 iguanas
  18 orc wizards
  A small abomination (Gauntlet)
  13 gnolls
  15 adders
  3 shadow imps
  5 white imps
  2 ufetubi (D:6)
  4 worms
  3 fire bats (D:3)
  65 orcs
  2 spectral bats (D:3)
  10 bats (D:3)
  7 bat skeletons (D:3)
  3 bat zombies (D:3)
  3 endoplasms
  9 giant cockroaches
  12 goblins
  6 hobgoblins
  4 jackals (D:2)
  6 quokkas
  13 ball pythons
  A bat simulacrum (D:3)
  10 frilled lizards (Sewer)
  8 kobolds
  5 rats
  A butterfly (Lair:5)
796 creatures vanquished.

Vanquished Creatures (collateral kills)
  An ogre mage (D:15)
  A demonic crawler (Spider:1)
  A steelbarb worm (Spider:1)
  2 culicivoras (Spider:1)
  A redback (Spider:1)
  An orc (Orc:1)
  8 foxfires
15 creatures vanquished.

Vanquished Creatures (others)
  A hell hound (Spider:1)
  1241 foxfires
1242 creatures vanquished.

Grand Total: 2053 creatures vanquished

Notes
Turn   | Place    | Note
-------+----------+-------------------------------------------
     0 | D:1      | RepHenryClay the Djinni Fire Elementalist began the quest
                  | for the Orb.
     0 | D:1      | RepHenryClay set off with the following spells memorised:
                  | Foxfire, Scorch, Volatile Blastmotes, Inner Flame, Flame
                  | Wave.
     0 | D:1      | Reached XP level 1. HP: 15/15 MP: 0/0
   827 | D:2      | Reached XP level 2. HP: 20/21 MP: 0/0
   885 | D:2      | Found a snail-covered altar of Cheibriados.
   918 | D:2      | Reached XP level 3. HP: 17/25 MP: 0/0
   918 | D:2      | Learned a level 1 spell: Summon Small Mammal
  1232 | D:2      | Reached XP level 4. HP: 25/31 MP: 0/0
  2010 | D:3      | Found Koakoex's Book Shoppe.
  2264 | D:3      | Found a burning altar of Makhleb.
  2266 | D:3      | Noticed a balrug
  2608 | D:3      | Reached XP level 5. HP: 34/35 MP: 0/0
  2608 | D:3      | Learned a level 2 spell: Static Discharge
  2702 | D:3      | Reached skill level 5 in Spellcasting
  2702 | D:3      | Reached skill level 5 in Conjurations
  2702 | D:3      | Reached skill level 5 in Hexes
  2702 | D:3      | Reached skill level 5 in Summonings
  2702 | D:3      | Reached skill level 5 in Necromancy
  2702 | D:3      | Reached skill level 5 in Translocations
  2702 | D:3      | Reached skill level 5 in Transmutations
  2702 | D:3      | Reached skill level 5 in Fire Magic
  2702 | D:3      | Reached skill level 5 in Ice Magic
  2702 | D:3      | Reached skill level 5 in Air Magic
  2702 | D:3      | Reached skill level 5 in Earth Magic
  2702 | D:3      | Reached skill level 5 in Poison Magic
  2702 | D:3      | Reached XP level 6. HP: 26/40 MP: 0/0
  3168 | D:4      | Found a staircase to the Ecumenical Temple.
  3260 | Temple   | Entered the Ecumenical Temple
  3333 | D:3      | Noticed a smoke demon
  3333 | D:3      | Noticed a hellwing
  3335 | D:3      | Became a worshipper of Makhleb the Destroyer
  3956 | D:4      | Found a stormy altar of Qazlal.
  4351 | D:5      | Entered Level 5 of the Dungeon
  4353 | D:5      | Identified a scroll of acquirement
  4357 | D:5      | Noticed a water moccasin
  4358 | D:5      | Reached XP level 7. HP: 41/45 MP: 0/0
  4358 | D:5      | Learned a level 2 spell: Blink
  4392 | D:5      | Noticed a water moccasin
  4397 | D:5      | Killed a water moccasin
  4399 | D:5      | Acquired the ring of the Sky {rElec rPois rF- rCorr Dex+2}
  4494 | D:5      | Found a glowing drain.
  4498 | Sewer    | Entered a sewer
  4563 | Sewer    | Reached * piety under Makhleb
  4891 | D:5      | Reached XP level 8. HP: 46/50 MP: 0/0
  4997 | D:5      | Reached ** piety under Makhleb
  5010 | D:5      | Reached skill level 3 in Dodging
  5033 | D:5      | Reached skill level 1 in Fighting
  5276 | D:5      | Reached skill level 4 in Dodging
  5447 | D:6      | Noticed a hornet
  5454 | D:6      | Killed a hornet
  5606 | D:6      | Found a shimmering altar of Xom.
  5614 | D:6      | Reached XP level 9. HP: 53/59 MP: 0/0
  5614 | D:6      | Learned a level 3 spell: Stone Arrow
  5618 | D:6      | Reached skill level 5 in Dodging
  5854 | D:6      | Found a glowing golden altar of the Shining One.
  5854 | D:6      | Found a white marble altar of Elyvilon.
  5854 | D:6      | Found a glowing silver altar of Zin.
  5883 | D:6      | Found a hazy altar of Hepliaklqana.
  5894 | D:6      | Reached skill level 6 in Dodging
  6771 | D:7      | Acquired the ring of Ixkorer {rC++ rCorr Int+3}
  6775 | D:7      | Acquired the staff of Fury {rPois rF++ rN+ Dex-2 Summ
                  | Poison}
  6776 | D:7      | Acquired the +3 buckler of Focus {Str+2}
  6877 | D:7      | Found a broken altar of Ashenzari.
  6951 | D:7      | Reached skill level 1 in Shields
  7140 | D:7      | Reached XP level 10. HP: 56/67 MP: 0/0
  7269 | D:7      | Reached skill level 5 in Shields
  7302 | D:7      | Reached *** piety under Makhleb
  7511 | D:7      | Found a transporter.
  7513 | D:7      | Found a transporter.
  7700 | D:7      | Noticed hashsling's ghost (novice DEHs)
  8026 | D:8      | Found a shadowy altar of Dithmenos.
  9197 | D:9      | Reached XP level 11. HP: 45/71 MP: 0/0
  9197 | D:9      | Learned a level 5 spell: Iskenderun's Battlesphere
  9201 | D:9      | Reached skill level 10 in Shields
  9485 | D:9      | Reached **** piety under Makhleb
  9695 | D:9      | Found a sparkling altar of Nemelex Xobeh.
 10172 | D:9      | Found a staircase to the Lair.
 10540 | D:10     | Entered Level 10 of the Dungeon
 10615 | D:10     | Reached skill level 7 in Dodging
 10858 | D:10     | Found a staircase to the Orcish Mines.
 11958 | D:11     | Acquired the amulet of Ykho {Reflect rC+ Dex+5 Slay-3 SH+5}
 12033 | D:11     | Reached skill level 8 in Dodging
 12065 | D:11     | Noticed a tengu warrior
 12069 | D:11     | Killed a tengu warrior
 12070 | D:11     | Reached XP level 12. HP: 76/79 MP: 0/0
 12218 | D:11     | Reached skill level 5 in Fighting
 12356 | D:11     | Reached skill level 9 in Dodging
 12390 | D:11     | Noticed a boulder beetle
 12629 | D:10     | Killed a boulder beetle
 12937 | D:11     | Found Adyhorgh's Assorted Antiques.
 13059 | D:11     | Noticed a two-headed ogre
 13068 | D:11     | Killed a two-headed ogre
 13341 | D:11     | Reached skill level 10 in Dodging
 13436 | D:11     | Noticed a two-headed ogre
 13440 | D:11     | Killed a two-headed ogre
 13591 | Orc:1    | Entered Level 1 of the Orcish Mines
 13591 | Orc:1    | Noticed a boulder beetle
 13804 | Lair:1   | Entered Level 1 of the Lair of Beasts
 13819 | Lair:1   | Reached skill level 1 in Evocations
 14219 | Lair:1   | Found a transporter.
 14221 | Lair:1   | Noticed a spriggan rider
 14226 | Lair:1   | Noticed a spriggan rider
 14227 | Lair:1   | Found a bloodstained altar of Trog.
 14234 | Lair:1   | Found a transporter.
 14251 | Lair:1   | You are sucked into a shaft and drop 1 floor!
 14329 | Lair:2   | Noticed a six-headed hydra
 14332 | Lair:2   | Reached ***** piety under Makhleb
 14336 | Lair:2   | Killed a six-headed hydra
 14337 | Lair:2   | Reached skill level 5 in Evocations
 14337 | Lair:2   | Reached XP level 13. HP: 75/87 MP: 0/0
 14337 | Lair:2   | Learned a level 5 spell: Agony
 14385 | Lair:2   | Found a gate leading to a gauntlet.
 14394 | Gauntlet | Entered a Gauntlet
 14394 | Gauntlet | Found a transporter.
 14394 | Gauntlet | Found a transporter.
 14394 | Gauntlet | Found a transporter.
 14422 | Gauntlet | Found a transporter.
 14425 | Gauntlet | Found a transporter.
 14433 | Gauntlet | Noticed a catoblepas
 14437 | Gauntlet | Found a transporter.
 14451 | Gauntlet | Found a transporter.
 14458 | Gauntlet | Found a transporter.
 14479 | Gauntlet | Found a transporter.
 14485 | Gauntlet | Found a transporter.
 14503 | Gauntlet | Found a transporter.
 14555 | Gauntlet | Found a transporter.
 14650 | Gauntlet | Identified the ring "Kixorghof" {MP+9 Int+2}
 14679 | Gauntlet | Identified the amulet "Bach" {Acrobat rN+ Int+2}
 14688 | Gauntlet | Gained mutation: You occasionally lose the ability to read
                  | scrolls when taking damage. [a neqoxec]
 14828 | Gauntlet | Identified the ring of Qaupp {Contam rPois rF+ Will+ EV+5}
 14828 | Gauntlet | Noticed a minotaur
 14834 | Gauntlet | Killed a minotaur
 15186 | Lair:1   | Noticed Shayle's ghost (novice GnSh)
 15834 | Lair:2   | Found a hole to the Spider Nest.
 15838 | Lair:2   | Noticed Fannar
 15906 | Lair:2   | Killed Fannar
 16252 | Lair:2   | Found a staircase to the Swamp.
 16301 | Lair:2   | Noticed Gastronok
 16313 | Lair:2   | Killed Gastronok
 16314 | Lair:2   | Reached skill level 11 in Dodging
 16506 | Lair:2   | Noticed an eight-headed hydra
 16515 | Lair:2   | Killed an eight-headed hydra
 16704 | Lair:3   | Reached skill level 10 in Spellcasting
 16704 | Lair:3   | Reached skill level 10 in Conjurations
 16704 | Lair:3   | Reached skill level 10 in Hexes
 16704 | Lair:3   | Reached skill level 10 in Summonings
 16704 | Lair:3   | Reached skill level 10 in Necromancy
 16704 | Lair:3   | Reached skill level 10 in Translocations
 16704 | Lair:3   | Reached skill level 10 in Transmutations
 16704 | Lair:3   | Reached skill level 10 in Fire Magic
 16704 | Lair:3   | Reached skill level 10 in Ice Magic
 16704 | Lair:3   | Reached skill level 10 in Air Magic
 16704 | Lair:3   | Reached skill level 10 in Earth Magic
 16704 | Lair:3   | Reached skill level 10 in Poison Magic
 16740 | Lair:3   | Noticed Sonja
 16752 | Lair:3   | Killed Sonja
 17150 | Lair:3   | Reached XP level 14. HP: 83/96 MP: 0/0
 17596 | Lair:4   | Found an ornate altar of the Wu Jian Council.
 17629 | Lair:4   | Reached skill level 12 in Dodging
 17965 | Lair:4   | Found the +3 pair of seven-league boots {Rampage+∞}
 18280 | Lair:4   | Identified the +4 chain mail "Tanney" {*Corrode Regen+
                  | Str+4 Int-3}
 18701 | Lair:5   | Entered Level 5 of the Lair of Beasts
 18734 | Lair:5   | Reached skill level 13 in Dodging
 18899 | Lair:5   | Noticed Urug
 19044 | Lair:5   | Killed Urug
 19325 | Lair:5   | Found a staircase to the Slime Pits.
 19333 | Lair:5   | Reached ****** piety under Makhleb
 20571 | Lair:5   | Reached XP level 15. HP: 98/104 MP: 0/0
 20571 | Lair:5   | Learned a level 6 spell: Death Channel
 20695 | Lair:5   | Found a burning altar of Makhleb.
 20841 | Lair:5   | Reached skill level 14 in Dodging
 20849 | Lair:5   | Found a gateway to Hell.
 21755 | Orc:2    | Entered Level 2 of the Orcish Mines
 22131 | Orc:2    | Noticed an orc warlord
 22394 | Orc:2    | Found a staircase to the Elven Halls.
 22417 | Orc:1    | Noticed Erica
 22421 | Orc:1    | Killed Erica
 22770 | Orc:1    | Noticed Nergalle
 22777 | Orc:1    | Killed Nergalle
 22962 | Orc:2    | Killed an orc warlord
 22965 | Orc:2    | Reached skill level 15 in Dodging
 23020 | Orc:2    | Found Zefed's Antique Weapon Boutique.
 23071 | Orc:2    | Found Uzxa's General Store.
 23074 | Orc:2    | Found Xixowax's Jewellery Boutique.
 23103 | Orc:2    | Bought a scroll of teleportation for 33 gold pieces
 23214 | Orc:2    | Found Weagoecw's Antique Armour Boutique.
 23611 | D:12     | Identified the +5 shortbow of Resourcefulness {heavy, rC+}
 24032 | D:12     | Noticed Snorg
 24040 | D:12     | Killed Snorg
 24312 | D:13     | Noticed Josephine
 24319 | D:13     | Killed Josephine
 24506 | D:13     | Reached XP level 16. HP: 69/113 MP: 0/0
 25131 | D:13     | Identified the +9 falchion "Vutzeamp" {elec, Stlth+}
 25269 | D:13     | Found a runed translucent door.
 25271 | D:13     | Noticed Anupeecu's ghost (journeyman DsMo)
 25281 | D:13     | Identified the +8 spear of the Well-Known Mouths {venom,
                  | rF+ rC+}
 25422 | D:13     | Killed Anupeecu's ghost
 25423 | D:13     | Reached skill level 10 in Fighting
 25488 | D:14     | Found a flickering gateway to a bazaar.
 25506 | Bazaar   | Entered a bazaar
 25521 | Bazaar   | Found Wanlyx's Magic Scroll Shop.
 25525 | Bazaar   | Bought a scroll of teleportation for 36 gold pieces
 25532 | Bazaar   | Found Igefeew's Distillery.
 25559 | Bazaar   | Found Jifeshrat's Distillery.
 25580 | Bazaar   | Found Xelut's Magic Scroll Shop.
 25585 | Bazaar   | Bought a scroll of teleportation for 27 gold pieces
 25585 | Bazaar   | Bought a scroll of teleportation for 27 gold pieces
 25585 | Bazaar   | Bought a scroll of teleportation for 27 gold pieces
 25585 | Bazaar   | Bought a scroll of fear for 36 gold pieces
 25585 | Bazaar   | Bought a scroll of fear for 36 gold pieces
 25600 | Bazaar   | Bought a potion of curing for 33 gold pieces
 25600 | Bazaar   | Bought a potion of curing for 33 gold pieces
 25600 | Bazaar   | Bought a potion of heal wounds for 55 gold pieces
 25600 | Bazaar   | Bought a potion of curing for 33 gold pieces
 25600 | Bazaar   | Bought a potion of heal wounds for 55 gold pieces
 25600 | Bazaar   | Bought a potion of invisibility for 88 gold pieces
 25600 | Bazaar   | Bought a potion of enlightenment for 55 gold pieces
 25627 | Bazaar   | Bought a potion of haste for 160 gold pieces
 25627 | Bazaar   | Bought a potion of curing for 48 gold pieces
 25645 | Bazaar   | Bought a scroll of enchant armour for 90 gold pieces
 25703 | D:14     | Reached skill level 16 in Dodging
 25876 | D:14     | Found a gate to the Vaults.
 26707 | D:15     | Entered Level 15 of the Dungeon
 26742 | D:15     | Reached skill level 17 in Dodging
 26755 | D:15     | Lost mutation: You occasionally lose the ability to read
                  | scrolls when taking damage. [potion of mutation]
 26755 | D:15     | Gained mutation: You are frail. (-10% HP) [potion of
                  | mutation]
 26755 | D:15     | Lost mutation: You are frail. (-10% HP) [potion of
                  | mutation]
 26755 | D:15     | Gained mutation: You occasionally shout uncontrollably at
                  | your foes. [potion of mutation]
 27292 | D:15     | Reached XP level 17. HP: 113/121 MP: 0/0
 27292 | D:15     | Learned a level 6 spell: Summon Cactus Giant
 27966 | D:15     | Found a staircase to the Depths.
 28234 | D:15     | Found a runed translucent door.
 28282 | D:15     | Noticed Xiynir's ghost (adept VSSh)
 28503 | D:7      | Killed hashsling's ghost
 28596 | D:7      | Upgraded the game from 0.31-a0-431-g88bdf31460 to
                  | 0.31-a0-435-g2c6fae2916
 28766 | Spider:1 | Entered Level 1 of the Spider Nest
 28770 | Spider:1 | Noticed Azrael
 28772 | Spider:1 | Noticed Agnes
 29041 | Lair:2   | Killed Agnes
 29197 | Lair:2   | Killed Azrael
 29682 | Spider:1 | Noticed Mlioglotl
 29690 | Spider:1 | Killed Mlioglotl
 29805 | Spider:1 | Found a runed translucent gate.
 29809 | Spider:1 | Found a runed translucent gate.
 29938 | Spider:1 | Reached skill level 18 in Dodging
 30035 | Spider:1 | Slain by a ghost moth

Illustrated notes

Levels and vault maps discovered:
D:1:      saegor_arrival_simple_b, layout_loops_ring, grunt_decor_cap,
          chequers_avenue
D:2:      layout_basic, basic_altar, hangedman_decor_push
D:3:      layout_basic, kennysheep_vampire_church, makhleb_altar_promises_db,
          serial_shops, shop, goddamned_bats
D:4:      layout_layer_cave, nicolae_qazlal_eye_of_the_storm,
          minmay_temple_entry_ruins
D:5:      layout_cave_pools, gup_sewer_entry_spiral
D:6:      layout_loops_ring, good_gods_mini_temple, hangedman_feature_mirror,
          chequers_hall_statues_y, kennysheep_generic_room_6
D:7:      layout_cave_pods, amcnicky_altar_gilded, gammafunk_ghost_hive,
          kennysheep_cluttered_room
D:8:      layout_rooms, nicolae_dithmenos_through_a_glass_darkly
D:9:      layout_basic, nemelex_diamond_rough_becter, erik_lair_dragon
D:10:     layout_basic, david_orc_1_choice
D:11:     layout_loops_corners, serial_shops, shop, minmay_variable_closet,
          minivault_26, minmay_shattered_shrine
D:12:     layout_loops_cross, nicolae_where_there's_smoke, uniq_snorg
D:13:     layout_basic, ebering_ghost_funeral_grove, uniq_josephine
D:14:     layout_loops_corners, lightli_vaults_fourway_checkpoint, serial_shops,
          bzr_entry_lakeside, kennysheep_generic_room_10
D:15:     hellmonk_depths_entry_around_the_bend, layout_grid_maze,
          serial_demonic, serial_demonic_b, serial_demonic_d, serial_demonic_d,
          serial_demonic_f, nicolae_eternal_life, ebering_ghost_reflecting_pool,
          minivault_12
Temple:   compressed_dpeg_triangle_lava_temple
Lair:1:   layout_regular_city, gammafunk_ghost_wrathful_warriors, serial_forest,
          infiniplex_forest_lined_2, infiniplex_forest_end_2,
          infiniplex_forest_lined_ring, infiniplex_forest_corner_1,
          infiniplex_forest_straight_3, infiniplex_forest_fountain,
          infiniplex_forest_straight_4, chequers_serial_rivers_small_3,
          pdpol_lair_neglected_garden
Lair:2:   layout_cave_shapes, skrybe_swamp_entry_bodies,
          hellmonk_spider_entry_not_the_bees, gauntlet_entry_generic,
          beast_lair_carwin_7, uniq_fannar, uniq_gastronok
Lair:3:   layout_chaotic_city, uniq_sonja
Lair:4:   layout_regular_city, basic_altar, st_stairs_8,
          hellmonk_guarded_unrand_seven_league_boots
Lair:5:   evil_forest, layout_cave_pods, nicolae_slime_entry_field_trip,
          serial_bayou_pond_e, grunt_megastairs_5, lemuel_fruit_fields,
          uniq_urug
Spider:1: layout_spider_delve, gammafunk_ghost_tricky_traps,
          nicolae_spider_jagged_tunnels, uniq_agnes, uniq_azrael, uniq_mlioglotl
Orc:1:    layout_caves, rock_pile, uniq_nergalle, uniq_erica
Orc:2:    grunt_orc_cross, layout_caves, mines2_david

Skill      XL: |  1  2  3  4  5  6  7  8  9 10 11 12 13 14 15 16 17 |
---------------+----------------------------------------------------+-----
Spellcasting   | 4 5 6 7 8 9 10 11 12 13 | 13.9
Conjurations   | 4 5 6 7 8 9 10 11 12 13 | 13.9
Hexes          | 4 5 6 7 8 9 10 11 12 13 | 13.9
Summonings     | 4 5 6 7 8 9 10 11 12 13 | 13.9
Necromancy     | 4 5 6 7 8 9 10 11 12 13 | 13.9
Translocations | 4 5 6 7 8 9 10 11 12 13 | 13.9
Transmutations | 4 5 6 7 8 9 10 11 12 13 | 13.9
Fire Magic     | 4 5 6 7 8 9 10 11 12 13 | 13.9
Ice Magic      | 4 5 6 7 8 9 10 11 12 13 | 13.9
Air Magic      | 4 5 6 7 8 9 10 11 12 13 | 13.9
Earth Magic    | 4 5 6 7 8 9 10 11 12 13 | 13.9
Poison Magic   | 4 5 6 7 8 9 10 11 12 13 | 13.9
Dodging        | 4 6 8 10 11 13 15 17 18 | 18.2
Fighting       | 2 3 4 5 7 8 9 10 11 | 11.5
Shields        | 4 9 12 | 12.0
Evocations     | 5 8 |  8.0
Stealth        | |  1.5

Action                     |  1- 3 |  4- 6 |  7- 9 | 10-12 | 13-15 | 16-18 || total
---------------------------+-------+-------+-------+-------+-------+-------++-------
  Melee: Staff             |       |     1 |     2 |     6 |    10 |     5 ||    24
   Cast: Foxfire           |    44 |   129 |   188 |   248 |   137 |     1 ||   747
         Static Discharge  |       |     7 |       |     3 |    12 |     3 ||    25
         Scorch            |       |       |    37 |    57 |    52 |     1 ||   147
         Volatile Blastmot |       |       |     2 |    28 |     9 |       ||    39
         Flame Wave        |       |       |     1 |    23 |    52 |    36 ||   112
         Stone Arrow       |       |       |       |    36 |   262 |   205 ||   503
         Blink             |       |       |       |     5 |     3 |     7 ||    15
         Iskenderun's Batt |       |       |       |    32 |   100 |    50 ||   182
         Agony             |       |       |       |       |    16 |     5 ||    21
         Summon Small Mamm |       |       |       |       |     1 |       ||     1
         Death Channel     |       |       |       |       |     1 |     1 ||     2
         Summon Cactus Gia |       |       |       |       |       |     7 ||     7
  Evoke: Wand              |       |       |       |     1 |     1 |     3 ||     5
    Use: Scroll            |       |     1 |    21 |     6 |     2 |     2 ||    32
         Potion            |       |       |       |       |     3 |     1 ||     4
 Armour: Robe              |     2 |    35 |     9 |     6 |    13 |    15 ||    80
  Dodge: Dodged            |    11 |    49 |    54 |    67 |   182 |   248 ||   611
         Repelled          |       |       |       |     1 |     4 |     1 ||     6
  Block: Buckler           |       |       |     1 |    71 |   199 |   189 ||   460
         Reflection        |       |       |       |     1 |    16 |    14 ||    31

Table legend: (Time is in decaauts)
 A = Elapsed time spent in this place.
 B = Non-inter-level travel time spent in this place.
 C = Inter-level travel time spent in this place.
 D = Time resting spent in this place.
 E = Time spent auto-exploring this place.
 F = Levels seen in this place.
 G = Mean time per level.
                   A        B        C        D        E       F      G
               +--------+--------+--------+--------+--------+-----+--------+
         Total |  30055 |  27759 |   2296 |   2094 |  21128 |  27 | 1113.1 |
       Dungeon |  19104 |  17493 |   1611 |    997 |  13913 |  15 | 1273.6 |
        Temple |      1 |      0 |      1 |      0 |      0 |   1 |    1.0 |
          Lair |   7358 |   6827 |    531 |    764 |   5001 |   5 | 1471.6 |
   Spider Nest |    589 |    589 |      0 |      0 |    422 |   1 |  589.0 |
  Orcish Mines |   1813 |   1662 |    151 |    252 |   1050 |   2 |  906.5 |
        Bazaar |    154 |    154 |      0 |      0 |     75 |   1 |  154.0 |
         Sewer |    332 |    332 |      0 |      0 |    220 |   1 |  332.0 |
      Gauntlet |    699 |    699 |      0 |     81 |    447 |   1 |  699.0 |
               +--------+--------+--------+--------+--------+-----+--------+

Top non-repeatable levels by time:
  Lair:5: 2168 daAuts
    D:10: 2103 daAuts
     D:9: 1904 daAuts
     D:7: 1650 daAuts
    D:15: 1638 daAuts
  Lair:2: 1620 daAuts
    D:11: 1467 daAuts
  Lair:4: 1430 daAuts
  Lair:1: 1417 daAuts
    D:13: 1369 daAuts
     D:4: 1322 daAuts
     D:3: 1144 daAuts
     D:2: 1090 daAuts
    D:14: 1069 daAuts
   Orc:2: 1024 daAuts
